 Dungeon Crawl Stone Soup version 0.30-a0-591-g3c58d2bc28 (webtiles) character file.

Game seed: 13024813387043183797

583 Dirtsage the Changer (level 7, -15/43 HPs)
             Began as an Octopode Transmuter on Jan 4, 2023.
             Demolished by an ogre
             ... wielding a +0 giant spiked club
              (19 damage)
             ... on level 4 of the Dungeon.
             The game lasted 00:08:53 (2462 turns).

Dirtsage the Changer (Octopode Transmuter)          Turns: 2462, Time: 00:08:54

Health: -15/43     AC:  1    Str: 10    XL:     7   Next: 37%
Magic:  10/10      EV: 13    Int: 17    God:
Gold:   80         SH:  5    Dex: 12    Spells: 3/10 levels left

rFire   . . .      SeeInvis .      - Unarmed
rCold   . . .      Faith    .    (no shield)
rNeg    . . .      Spirit   .    (helmet restricted)
rPois   .          Reflect  +    p - amulet of reflection
rElec   .          Harm     .    (no ring)
rCorr   .          Rampage  .    (no ring)
Will    .....                    (no ring)
Stlth   ++                       (no ring)
HPRegen 0.27/turn                (no ring)
MPRegen 0.12/turn                (no ring)
                                 (no ring)
                                 (no ring)

@: no status effects
A: almost no armour, amphibious, 8 rings, camouflage 1, gelatinous body 1,
(nimble swimmer 1), tentacles
a: no special abilities


You were on level 4 of the Dungeon.
You visited 1 branch of the dungeon, and saw 5 of its levels.

You collected 122 gold pieces.
You spent 42 gold pieces at shops.

Inventory:

Missiles
 j - 3 atropa-tipped darts
Magical Staves
 h - a staff of air
Jewellery
 p - an amulet of reflection (around mantle)
Scrolls
 b - 2 scrolls of blinking {unknown}
 c - 2 scrolls of torment
 d - a scroll of enchant weapon {unknown}
 e - a scroll of enchant armour {unknown}
 f - 4 scrolls of identify {unknown}
 g - a scroll of immolation {unknown}
 i - 2 scrolls of noise {unknown}
 k - a scroll of vulnerability {unknown}
Potions
 a - a potion of lignification
 l - a potion of attraction {unknown}
 m - 2 potions of might {unknown}
 n - a potion of flight {unknown}
 o - a potion of brilliance {unknown}
 q - 2 potions of curing


   Skills:
 - Level 1.0 Fighting
 - Level 2.0 Dodging
 - Level 3.0 Unarmed Combat
 - Level 2.0 Spellcasting
 * Level 5.7 Transmutations
 * Level 5.2 Ice Magic


You had 3 spell levels left.
You knew the following spells:

 Your Spells              Type           Power      Damage    Failure   Level
a - Beastly Appendage     Tmut           42%        N/A       1%          1
b - Wereblood             Tmut           21%        N/A       2%          2
c - Ice Form              Ice/Tmut       20%        N/A       21%         4

Your spell library contained the following spells:

 Spells                   Type           Power      Damage    Failure   Level
 Spider Form              Tmut/Pois      11%        N/A       19%         3


Dungeon Overview and Level Annotations

Branches:
Dungeon (5/15)
 Temple: D:4-7

Altars:

Shops:
D:2 !


Innate Abilities, Weirdness & Mutations

You cannot wear most types of armour.
You are amphibious.
You can wear up to eight rings at the same time.
Your skin changes colour to match your surroundings (Stealth+).
Your rubbery body absorbs attacks. (AC +1, EV +1)
((You are camouflaged when in or above water. (Stealth+)))
You have tentacles for arms and can constrict up to eight enemies at once.


Message History

The shadow imp disappears in a puff of smoke!
The quokka disappears in a puff of smoke!
Your Ice Magic skill increases to level 5!
You have reached level 7!
You regained 6 hp, and now have 43/51 hp.
Things that are here:
a +0 rapier; a +0 leather armour; the human corpse of Eustachio Your transformation is almost over.
An ufetubus comes into view.
Health restored: 51; MP restored: 10
Things that are here:
a +0 rapier; a +0 leather armour; the human corpse of Eustachio The ufetubus shouts!
You hear a shout!
The ufetubus barely misses you.
The ufetubus hits you but does no damage. x2
The ufetubus closely misses you.
You punch the ufetubus! You freeze the ufetubus.
You kill the ufetubus!
An ogre comes into view. It is wielding a +0 giant spiked club.
The ogre shouts!
The ogre hits you with a +0 giant spiked club!!
You take 18 damage, and have 33/51 hp.
MASSIVE DAMAGE!!
You are too injured to fight recklessly!
You are too injured to fight recklessly!
You hit the ogre but do no damage.
You warm up again.
You now have 28/43 hp.
You tentacle-slap the ogre.
The ogre is lightly wounded.
The ogre hits you with a +0 giant spiked club!!
Ouch! That really hurt!
* * * LOW HITPOINT WARNING * * *
You take 25 damage, and have 3/43 hp.
MASSIVE DAMAGE!!
You tentacle-slap the ogre but do no damage.
You squeeze the ogre.
The ogre is moderately wounded.
You tentacle-slap the ogre.
The ogre is moderately wounded.
The ogre hits you with a +0 giant spiked club!!
You die...

.#######.##.####.##
.#.......##.# #.# #
.........##.####.##.##.#
##.#####.......).......#
#.# ####.####.##.##.#
#.# #.# #)# # #.# #.#
#.# #.# #.# #.# #.# #.#
#@# #.# #.. #.O.....#
... ## #####.#.# ... <..


You could see an ogre.

Vanquished Creatures
  Sigmund (D:2)
  Eustachio (D:4)
  A water moccasin (D:5)
  A phantom (D:5)
  5 adders
  An ufetubus (D:4)
  4 endoplasms
  3 giant cockroaches
  A goblin (D:1)
  6 hobgoblins
  5 jackals (D:1)
  4 quokkas
  9 ball pythons
  3 bats
  A frilled lizard (D:3)
  3 kobolds
  6 rats
55 creatures vanquished.

Notes
Turn   | Place    | Note
-------+----------+-------------------------------------------
     0 | D:1      | Dirtsage the Octopode Transmuter began the quest for the
                  | Orb.
     0 | D:1      | Reached XP level 1. HP: 13/13 MP: 3/3
   262 | D:1      | Reached skill level 1 in Ice Magic
   262 | D:1      | Reached XP level 2. HP: 6/18 MP: 3/5
   624 | D:1      | Learned a level 2 spell: Wereblood
   800 | D:1      | Reached XP level 3. HP: 23/23 MP: 4/6
  1024 | D:2      | Found a faded altar of an unknown god.
  1085 | D:2      | Noticed Sigmund
  1095 | D:2      | Killed Sigmund
  1096 | D:2      | Reached XP level 4. HP: 24/28 MP: 5/7
  1096 | D:2      | Reached XP level 5. HP: 29/33 MP: 5/8
  1189 | D:2      | Learned a level 4 spell: Ice Form
  1370 | D:2      | Reached XP level 6. HP: 38/38 MP: 7/9
  1489 | D:2      | Found Xeras's Distillery.
  1497 | D:2      | Bought a potion of curing for 42 gold pieces
  1902 | D:3      | You fall into a shaft and drop 2 floors!
  1902 | D:5      | Entered Level 5 of the Dungeon
  1994 | D:5      | Noticed a water moccasin
  2012 | D:5      | Killed a water moccasin
  2013 | D:5      | Reached skill level 5 in Transmutations
  2394 | D:4      | Noticed Eustachio
  2424 | D:4      | Killed Eustachio
  2425 | D:4      | Reached skill level 5 in Ice Magic
  2425 | D:4      | Reached XP level 7. HP: 43/43 MP: 8/10
  2462 | D:4      | Demolished by an ogre

Illustrated notes

Levels and vault maps discovered:
D:1:      roderic_octagonal_star, layout_basic, minmay_tall_x
D:2:      layout_loops_ring, serial_shops, shop,
          nicolae_ecumenical_snake_handling, uniq_sigmund
D:3:      layout_basic, wad_orctagon
D:4:      layout_loops_ring, serial_shops, kennysheep_mini_moat, uniq_ijyb,
          uniq_eustachio, uniq_blork_the_orc
D:5:      layout_loops_corners, serial_shops, nicolae_take_the_stairs,
          uniq_pikel

Skill      XL: |  1  2  3  4  5  6 |
---------------+-------------------+-----
Ice Magic      | 1 3 5 |  5.2
Transmutations | 4 5 |  5.7
Fighting       | |  1.0
Dodging        | |  2.0
Unarmed Combat | |  3.0
Spellcasting   | |  2.0

Action                   |  1- 3 |  4- 6 |  7- 9 || total
-------------------------+-------+-------+-------++-------
Melee: Unarmed           |    74 |    81 |     5 ||   160
       Constrict         |    20 |    12 |       ||    32
       Kick              |    10 |     7 |       ||    17
       Tentacles         |     9 |     7 |     1 ||    17
       Punch             |     1 |     2 |       ||     3
Throw: Dart              |     3 |       |       ||     3
 Cast: Beastly Appendage |     9 |     5 |       ||    14
       Ice Form          |       |     3 |       ||     3
  Use: Potion            |       |     2 |       ||     2
       Scroll            |       |     1 |       ||     1
 Stab: Sleeping          |     3 |     7 |       ||    10
       Distracted        |     1 |       |       ||     1
Armor: Skin              |     2 |    29 |     2 ||    33
Dodge: Dodged            |    43 |    35 |     2 ||    80
Block: Other             |       |     2 |       ||     2

Table legend: (Time is in decaauts)
 A = Elapsed time spent in this place.
 B = Non-inter-level travel time spent in this place.
 C = Inter-level travel time spent in this place.
 D = Time resting spent in this place.
 E = Time spent auto-exploring this place.
 F = Levels seen in this place.
 G = Mean time per level.
                   A        B        C        D        E       F      G
               +--------+--------+--------+--------+--------+-----+--------+
         Total |   2452 |   2356 |     96 |     76 |   1855 |   5 |  490.4 |
       Dungeon |   2452 |   2356 |     96 |     76 |   1855 |   5 |  490.4 |
               +--------+--------+--------+--------+--------+-----+--------+

Top non-repeatable levels by time:
     D:1: 987 daAuts
     D:2: 819 daAuts
     D:5: 354 daAuts
     D:4: 202 daAuts
     D:3: 88 daAuts
